Map: Newkirk Precinct TE (Void)

Players

BIGFLLA

  • Race: Protoss Protoss
  • League: Silver
  • Spawn Location: 7:00

Boom

  • Race: Terran Terran
  • League: Silver
  • Spawn Location: 5:00

VOD

Have the link to the VOD?

Description

Time

  • Played on: March 21, 2017, 2:20 a.m.
  • Length: 22:30
Show
View Real Time Build Order
Export as new Build Order

BIGFLLA Protoss 

Build Orders:  

Get SALT Encoding   

  12  0:01  Probe (Chrono Boost)  
  13  0:11  Probe (Chrono Boost)  
  14  0:20  Pylon  
  14  0:25  Probe (Chrono Boost)  
  15  0:34  Assimilator  
  15  0:38  Probe (Chrono Boost)  
  16  0:52  Gateway  
  16  0:54  Probe (Chrono Boost)  
  17  0:58  Pylon  
  17  1:04  Probe (Chrono Boost)  
  18  1:15  Probe (Chrono Boost)  
  20  1:25  Probe (Chrono Boost)  
  20  1:29  Assimilator  
  20  1:36  Probe (Chrono Boost)  
  20  1:37  Gateway  
  21  1:45  Cybernetics Core  
  21  1:47  Probe (Chrono Boost)  
  22  1:58  Probe (Chrono Boost)  
  23  2:08  Gateway  
  23  2:18  Probe (Chrono Boost)  
  24  2:25  Adept x2  
  28  2:37  Pylon  
  30  2:45  Mothership Core (Chrono Boost)  
  30  2:46  Pylon  
  30  2:56  Forge  
  30  3:02  Adept  
  30  3:05  Warp Gate  
  33  3:13  Adept, Probe (Chrono Boost)  
  35  3:21  Adept  
  37  3:36  Photon Cannon  
  37  3:44  Probe (Chrono Boost)  
  38  4:12  Nexus  
  38  4:16  Assimilator  
  38  4:25  Pylon  
  38  4:30  Pylon  
  38  4:42  Photon Cannon  
  36  4:45  Photon Cannon  
  36  4:49  Photon Cannon  
  28  4:58  Adept  
  28  4:59  Adept x2  
  34  5:10  Assimilator  
  34  5:34  Adept  
  34  5:35  Adept x2  
  40  5:40  Probe (Chrono Boost)  
  40  5:42  Probe (Chrono Boost)  
  42  5:47  Pylon  
  42  5:52  Pylon  
  42  6:01  Probe (Chrono Boost)  
  42  6:02  Pylon  
  42  6:03  Probe (Chrono Boost)  
  44  6:04  Sentry x2  
  44  6:06  Sentry  
  50  6:15  Protoss Ground Armor Level 1, Probe (Chrono Boost)  
  50  6:16  Probe (Chrono Boost)  
  52  6:30  Twilight Council  
  52  6:37  Twilight Council  
  52  6:46  Probe (Chrono Boost)  
  52  6:47  Probe (Chrono Boost)  
  54  6:48  Adept  
  54  6:49  Adept  
  54  6:52  Adept  
  60  7:12  Probe x2 (Chrono Boost)  
  62  7:47  Pylon  
  62  7:50  Pylon  
  62  7:53  Pylon  
  55  8:14  Adept  
  55  8:15  Adept x2  
  52  8:35  Nexus  
  52  8:39  Assimilator  
  52  8:42  Adept x3  
  52  8:44  Assimilator  
  52  8:46  Pylon  
  44  9:39  Pylon  
  44  9:43  Photon Cannon  
  43  9:49  Photon Cannon  
  43  9:54  Stalker x3  
  49  10:16  Probe (Chrono Boost)  
  49  10:17  Probe (Chrono Boost)  
  51  10:24  Stalker x3  
  51  10:26  Probe (Chrono Boost)  
  59  10:29  Probe (Chrono Boost)  
  51  10:54  Stalker x3  
  51  10:55  Probe (Chrono Boost)  
  51  10:56  Probe (Chrono Boost)  
  59  11:24  Nexus  
  59  11:35  Probe (Chrono Boost)  
  59  11:36  Probe (Chrono Boost)  
  61  11:59  Probe (Chrono Boost)  
  61  12:00  Probe (Chrono Boost)  
  61  12:01  Protoss Ground Weapons Level 1, Stalker  
  63  12:02  Stalker  
  63  12:03  Stalker  
  69  12:46  Nexus  
  69  12:53  Pylon  
  69  13:00  Assimilator  
  69  13:05  Assimilator  
  69  13:06  Sentry  
  69  13:07  Sentry  
  69  13:08  Sentry  
  75  13:29  Twilight Council  
  75  13:41  Assimilator  
  75  13:45  Assimilator, Probe x2 (Chrono Boost)  
  75  13:47  Probe (Chrono Boost)  
  78  13:57  Resonating Glaives  
  78  14:23  Probe x3 (Chrono Boost)  
  82  14:24  Probe (Chrono Boost)  
  82  14:31  Stalker  
  82  14:32  Stalker x2  
  88  14:40  Templar Archives  
  88  14:46  Probe (Chrono Boost)  
  88  14:47  Probe x2 (Chrono Boost)  
  88  14:48  Probe (Chrono Boost)  
  92  14:58  Protoss Air Weapons Level 1  
  92  15:01  Adept  
  92  15:02  Pylon, Adept x2  
  92  15:05  Pylon  
  98  15:09  Photon Cannon  
  98  15:13  Photon Cannon  
  98  15:16  Probe (Chrono Boost)  
  98  15:18  Probe x2 (Chrono Boost)  
  98  15:20  Probe (Chrono Boost)  
  102  15:29  Sentry x3  
  108  15:41  Blink  
  108  15:52  Probe x3 (Chrono Boost)  
  108  15:53  Probe (Chrono Boost)  
  108  15:55  Stalker x3  
  118  16:25  High Templar x3  
  124  16:26  Psionic Storm  
  124  17:01  Protoss Air Armor Level 1  
  124  17:04  High Templar x2  
  124  17:05  High Templar  
  130  17:15  Stargate  
  130  17:17  Stargate  
  130  17:18  Stargate  
  130  17:33  Nexus  
  130  17:36  Assimilator  
  130  17:40  Assimilator  
  130  17:43  High Templar  
  130  17:44  High Templar x2, Pylon  
  136  17:47  Pylon  
  136  17:50  Pylon  
  136  17:53  Pylon  
  136  18:13  Photon Cannon  
  136  18:15  Photon Cannon  
  136  18:19  Photon Cannon  
  136  18:23  High Templar x3  
  142  18:29  Photon Cannon, Void Ray x3  
  154  19:02  High Templar x3  
  148  19:06  Void Ray  
  148  19:07  Void Ray x2  
  144  19:44  Void Ray x3  
  156  20:04  Archon  
  141  20:21  Void Ray x3  
  153  20:49  Stalker x3  
  159  20:58  Void Ray x3  
  137  21:19  Stalker x3  
  143  21:35  Void Ray x2  
  143  21:36  Void Ray  
  123  21:49  Stalker x3  
  125  22:01  Fleet Beacon  
  125  22:07  Stargate  
  129  22:24  Archon  
  129  22:25  Archon x2  
Show
View Real Time Build Order
Export as new Build Order

Boom Terran 

Build Orders: Cyclone Opening 

Get SALT Encoding   

  12  0:03  SCV  
  13  0:15  SCV  
  13  0:21  Supply Depot  
  14  0:27  Refinery  
  14  0:36  Supply Depot  
  14  0:50  Barracks  
  14  1:01  Refinery  
  14  1:26  SCV  
  15  1:38  SCV  
  16  1:43  Factory  
  16  1:46  Marine  
  17  1:50  SCV  
  18  2:02  SCV  
  18  2:04  Marine  
  20  2:25  Orbital Command  
  20  2:32  Engineering Bay  
  20  2:35  Cyclone  
  23  3:02  Marine  
  24  3:07  Terran Infantry Weapons Level 1  
  24  3:08  Cyclone  
  27  3:19  Supply Depot, Marine  
  28  3:28  SCV  
  29  3:40  SCV, Cyclone  
  33  3:52  SCV  
  33  3:54  Factory  
  34  4:03  Barracks Tech Lab  
  34  4:26  Factory Tech Lab  
  34  4:32  Concussive Shells  
  34  4:41  Cyclone  
  37  5:00  Marauder  
  39  5:09  Starport  
  39  5:15  Stimpack  
  39  5:24  Marauder  
  25  5:36  Cyclone  
  25  5:39  Siege Tank  
  31  5:50  Missile Turret  
  31  5:56  Missile Turret  
  31  5:59  Liberator  
  31  6:08  Cyclone  
  31  6:09  Marine  
  38  6:27  Marine  
  39  7:07  Supply Depot  
  39  7:13  Command Center  
  39  7:14  Liberator  
  39  7:29  Marine, SCV  
  41  7:34  Cyclone  
  47  7:55  Marine  
  47  8:12  SCV  
  47  8:13  Marine  
  44  9:20  Marine  
  44  9:21  Cyclone  
  32  9:54  Cyclone  
  32  9:56  Marine  
  32  9:58  Supply Depot  
  36  10:00  Cyclone  
  39  10:14  Marine  
  38  10:15  Terran Infantry Armor Level 1  
  38  10:20  Medivac  
  41  10:26  Siege Tank  
  44  10:32  Marine, Cyclone  
  47  10:42  Liberator  
  47  10:49  Marine  
  48  10:58  Siege Tank  
  54  11:07  Marine  
  55  11:22  Missile Turret  
  55  11:43  Missile Turret  
  55  12:04  Command Center  
  55  12:05  Missile Turret  
  55  12:09  Hi-Sec Auto Tracking  
  55  12:13  Missile Turret  
  55  12:14  Missile Turret  
  55  12:21  Missile Turret  
  55  12:24  Missile Turret  
  55  12:27  Missile Turret  
  55  12:28  Viking  
  57  12:47  Command Center  
  57  12:51  Combat Shields  
  57  12:53  Widow Mine  
  59  12:58  Viking  
  61  13:06  Neosteel Frame  
  61  13:22  Widow Mine  
  61  13:23  Refinery, Orbital Command  
  63  13:50  Widow Mine  
  65  13:59  Ghost Academy  
  65  14:23  Refinery  
  65  14:25  Building Armor  
  66  14:34  Planetary Fortress  
  65  14:42  Personal Cloaking  
  65  15:00  Armory  
  65  15:14  SCV  
  66  15:27  SCV  
  67  15:39  SCV  
  68  15:46  Refinery  
  68  15:51  SCV, Refinery  
  68  15:55  Ghost  
  71  16:03  SCV  
  72  16:08  Nuke  
  72  16:15  SCV  
  73  16:23  Ghost  
  75  16:47  SCV  
  76  16:59  SCV  
  77  17:03  Medivac  
  77  17:08  Ghost  
  81  17:11  Thor, SCV  
  88  17:24  SCV x2  
  90  17:33  Medivac  
  90  17:36  SCV  
  93  18:07  Supply Depot  
  93  18:28  Ghost  
  93  18:29  SCV x2  
  93  18:30  Supply Depot  
  97  18:41  SCV  
  98  18:52  Nuke  
  98  18:53  Supply Depot, SCV  
  99  18:57  Marine  
  100  19:05  SCV  
  101  19:10  Ghost Academy  
  101  19:16  Supply Depot  
  100  19:17  SCV  
  101  19:30  Thor  
  107  19:34  Starport Tech Lab  
  107  19:39  Supply Depot  
  107  20:13  Thor  
  110  20:33  Nuke x2  
  110  20:44  Banshee  
  113  20:56  Siege Tank  
  116  21:04  Ghost Academy  
  113  21:27  Banshee  
Tags
 
Add a new tag
Caveats
  • Supply blocks, unpowered buildings, or Contaminate may cause inaccurate times.
  • Supply counts are checked every 10 seconds.